 Dungeon Crawl Stone Soup version 0.31.0-32-g396128a36d (webtiles) character file.

Game seed: 8402430880853192054

12317 Peloso the Carver (level 11, 0/97 HPs)
             Began as a Minotaur Fighter on Apr 15, 2024.
             Was a High Priest of Okawaru.
             Slain by a kobold demonologist
             ... wielding a +1 dagger of flaming
              (3 damage)
             ... on level 11 of the Dungeon.
             The game lasted 00:33:47 (9818 turns).

Peloso the Carver (Minotaur Fighter)                Turns: 9818, Time: 00:33:48

Health: 0/97       AC: 13    Str: 26    XL:     11   Next: 60%
Magic:  10/10      EV:  8    Int:  5    God:    Okawaru [*****.]
Gold:   676        SH:  5    Dex: 11    Spells: 10/10 levels left

rFire   . . .        a - +3 scimitar (flame)
rCold   . . .        d - +0 buckler
rNeg    . . .        n - +7 plate armour "Etuerph" {Regen+ Str+4 Dex-2}
rPois   .            c - melded +2 hat
rElec   .            (cloak currently unavailable)
rCorr   .            j - melded +0 pair of gloves
SInv    .            (boots currently unavailable)
Will    .....        (no amulet) Stlth
                     (no ring)
HPRegen 1.16/turn    (no ring)
MPRegen 0.12/turn

%: no passive effects
@: beast-form, corroded
A: beast (slay +2), horns 2, retaliatory headbutt
a: Begin Untransformation, Renounce Religion, Heroism, Finesse, Duel


You were on level 11 of the Dungeon.
You worshipped Okawaru.
Okawaru was extremely pleased with you.
You were a hulking beast.
You visited 2 branches of the dungeon, and saw 12 of its levels.
You also visited: Bailey.

You collected 676 gold pieces.

Inventory:

Hand Weapons
 a - a +3 scimitar of flaming (weapon)
 b - a +3 long sword of holy wrath
Armour
 c - a +2 hat (melded)
 d - a +0 buckler (worn)
 e - the +3 chain mail of Inquiry {Harm rF++ Int-3 Stlth+}
   (You found it on level 4 of the Dungeon)

   Int-3:     It affects your intelligence (-3).
   rF++:      It greatly protects you from fire.
   Harm:      It increases damage dealt and taken.
   Stlth+:    It makes you more stealthy.
 j - a +0 pair of gloves (melded)
 n - the +7 plate armour "Etuerph" (worn) {Regen+ Str+4 Dex-2}
   (You found it on level 2 of the Dungeon)

   Str+4:     It affects your strength (+4).
   Dex-2:     It affects your dexterity (-2).
   Regen+:    It increases your rate of health regeneration.
 t - +0 swamp dragon scales
 z - +2 fire dragon scales
Jewellery
 h - a ring of fire
 w - a ring of magical power
 y - an amulet of reflection
Talismans
 f - a blade talisman
 o - a beast talisman (active)
Wands
 v - a wand of paralysis (8)
 G - a wand of iceblast (5)
Scrolls
 i - 2 scrolls of noise {unknown}
 m - a scroll of identify
 p - 5 scrolls of poison
 u - 3 scrolls of teleportation
 B - a scroll of revelation
 C - a scroll of fog
 E - a scroll of immolation {unknown}
 F - a scroll of silence {unknown}
Potions
 g - 4 potions of haste
 k - 2 potions of might
 l - a potion of berserk rage
 q - a potion of curing
 r - 2 potions of enlightenment
 s - a potion of invisibility
 x - a potion of brilliance
 A - 2 potions of resistance {unknown}
 D - 2 potions of cancellation {unknown}
 I - 6 potions of ambrosia
 J - a potion of mutation {unknown}


   Skills:
 + Level 9.6 Fighting
 + Level 13.9 Long Blades
 + Level 10.6 Armour
 + Level 2.6 Dodging
 + Level 2.6 Stealth
 + Level 7.8 Shields
 + Level 0.2 Evocations
 + Level 4.7 Shapeshifting


You had 10 spell levels left.
You didn't know any spells.
Your spell library contained the following spells:

 Spells                   Type           Power      Damage    Failure   Level
 Blink                    Tloc           0%         N/A       100%        2
 Cigotuvi's Dreadful Rot  Necr/Alch/Air  0%         N/A       100%        2
 Lesser Beckoning         Tloc           0%         N/A       100%        2
 Momentum Strike          Conj/Tloc      0%         3d8       100%        2
 Inner Flame              Hex/Fire       0%         N/A       100%        3
 Flame Wave               Conj/Fire      0%         2d4       100%        4
 Ignite Poison            Fire/Alch      0%         N/A       100%        4
 Sticky Flame             Fire/Alch      0%         2d4       100%        4
 Freezing Cloud           Conj/Ice/Air   0%         6-21      100%        5


Dungeon Overview and Level Annotations

Branches:
Dungeon (11/15)            Temple (1/1) D:7            Lair (0/5) D:10
    Orc (0/2) D:9          Bailey (visited)

Altars:
Ashenzari
Cheibriados
Dithmenos
Elyvilon
Fedhas
Gozag
Hepliaklqana
Kikubaaqudgha
Makhleb
Nemelex Xobeh
Okawaru
Qazlal
Ru
Sif Muna
Trog
Uskayaw
Vehumet
Wu Jian
Xom
Yredelemnul
Zin
The Shining One


Innate Abilities, Weirdness & Mutations

You are a hulking beast.
Your limbs bulge with bestial killing power. (Slay +2)
You have a pair of horns on your head.
You reflexively headbutt those who attack you in melee.


Message History

The splash of acid hits you!! The acid corrodes you!
Unknown command.
You slash the acid dragon! You burn the acid dragon.
You kill the acid dragon!
Okawaru accepts your kill.
The acid dragon scales are intact enough to wear.
Unknown command.
The kobold brigand hits you with a +0 whip.
The kobold demonologist mumbles some strange words.
Things that are here:
+0 acid dragon scales; an acid dragon corpse Unknown command.
You hit the kobold. You burn the kobold.
You kill the kobold!
Okawaru accepts your kill.
The kobold brigand hits you but does no damage.
The kobold demonologist casts a spell.
You block the sun demon's attack.
Unknown command.
You miss the kobold brigand. The sun demon hits you.
You are engulfed in flames!
* * * LOW HITPOINT WARNING * * *
The kobold brigand hits you but does no damage.
Unknown command.
You closely miss the kobold demonologist.
Your headbutt misses the kobold demonologist.
The sun demon hits you but does no damage.
The kobold brigand hits you with a +0 whip.
* * * LOW HITPOINT WARNING * * *
Unknown command.
You miss the kobold demonologist.
You feel yourself speed up. The sun demon hits you!
* * * LOW HITPOINT WARNING * * *
You are engulfed in flames!
* * * LOW HITPOINT WARNING * * *
The kobold brigand hits you with a +0 whip.
* * * LOW HITPOINT WARNING * * *
The kobold demonologist hits you with a +1 dagger of flaming.
You die...

#KK# #... .KK#
######... #..#
#...##.#.
###...######...##.#.
##....##<........†(..
#....# ##.###...#..##
#..######.# #.#...##
#..##.....# #######
.####.KKh...###
........3K.###
#.......5###
##########


You could see a sun demon (summoned), a kobold demonologist, 2 kobold brigands
and a white imp (summoned).

Vanquished Creatures
  Erica (D:10)
  A two-headed ogre (Bailey)
  A deep elf pyromancer (D:10)
  A manticore (D:11)
  Maggie (D:7)
  Jeremiah (D:7)
  A queen bee (D:10)
  A hornet (D:8)
  2 wyverns
  3 spriggans (Bailey)
  15 yaks
  4 steam dragons
  An acid dragon (D:11)
  2 water moccasins
  2 black bears
  Pargi (D:4)
  An ice beast (D:6)
  3 orc warriors
  A sky beast (D:6)
  6 ogres
  3 centaurs
  2 kobold brigands
  3 phantoms
  A bullfrog (D:9)
  5 scorpions
  2 gnoll sergeants
  15 wights
  41 killer bees
  An electric eel (D:7)
  2 howler monkeys (D:9)
  3 hounds
  2 gnoll boudas (D:9)
  Crazy Yiuf (D:7)
  5 orc priests
  3 iguanas
  9 orc wizards
  16 gnolls
  7 adders
  A white imp (D:5)
  2 ribbon worms (D:2)
  30 orcs
  8 endoplasms
  5 giant cockroaches
  5 goblins
  6 hobgoblins
  10 jackals
  4 quokkas
  13 ball pythons
  5 bats
  5 frilled lizards
  15 kobolds
  2 rats
281 creatures vanquished.

Notes
Turn   | Place    | Note
-------+----------+-------------------------------------------
     0 | D:1      | Peloso the Minotaur Fighter began the quest for the Orb.
     0 | D:1      | Reached XP level 1. HP: 19/19 MP: 0/0
   243 | D:1      | Reached XP level 2. HP: 27/27 MP: 1/1
   552 | D:1      | Found a faded altar of an unknown god.
   561 | D:1      | Reached XP level 3. HP: 31/33 MP: 2/2
   628 | D:1      | Reached skill level 3 in Long Blades
   871 | D:2      | You fall into a shaft and drop 2 floors!
   950 | D:4      | Identified the +3 chain mail of Inquiry {Harm rF++ Int-3
                  | Stlth+}
  1268 | D:2      | Reached XP level 4. HP: 41/41 MP: 3/3
  1348 | D:2      | Identified the +7 plate armour "Etuerph" {Regen+ Str+4
                  | Dex-2}
  1660 | D:2      | Reached skill level 1 in Dodging
  1861 | D:3      | Reached skill level 4 in Long Blades
  1863 | D:3      | Reached XP level 5. HP: 7/47 MP: 4/4
  1954 | D:3      | Found a sacrificial altar of Ru.
  2749 | D:4      | Noticed Pargi
  2758 | D:4      | Killed Pargi
  2759 | D:4      | Reached skill level 5 in Long Blades
  2759 | D:4      | Reached XP level 6. HP: 53/55 MP: 5/5
  2873 | D:4      | Reached skill level 5 in Armour
  2882 | D:4      | Reached skill level 5 in Fighting
  2882 | D:4      | Reached skill level 6 in Long Blades
  3045 | D:4      | Reached XP level 7. HP: 61/61 MP: 6/6
  3495 | D:5      | Entered Level 5 of the Dungeon
  3635 | D:5      | Reached skill level 7 in Long Blades
  4395 | D:6      | Reached skill level 8 in Long Blades
  4395 | D:6      | Reached XP level 8. HP: 68/69 MP: 7/7
  4457 | D:6      | Reached skill level 1 in Shapeshifting
  4515 | D:6      | Found an opulent altar of Gozag.
  4684 | D:6      | Reached skill level 9 in Long Blades
  4684 | D:6      | Reached skill level 5 in Shields
  5016 | D:7      | Noticed Maggie
  5076 | D:7      | Killed Maggie
  5077 | D:7      | Reached XP level 9. HP: 54/75 MP: 8/8
  5126 | D:7      | Found a staircase to the Ecumenical Temple.
  5152 | D:7      | Reached skill level 10 in Long Blades
  5168 | Temple   | Entered the Ecumenical Temple
  5271 | D:7      | Found an iron altar of Okawaru.
  5289 | D:7      | Became a worshipper of Warmaster Okawaru
  5430 | D:7      | Found a runed translucent door.
  5431 | D:7      | Noticed Crazy Yiuf
  5751 | D:7      | Noticed Jeremiah
  5760 | D:7      | Killed Jeremiah
  5760 | D:7      | Reached * piety under Okawaru
  5761 | D:7      | Reached skill level 11 in Long Blades
  5761 | D:7      | Reached skill level 1 in Stealth
  6082 | D:7      | Killed Crazy Yiuf
  6147 | D:8      | Reached XP level 10. HP: 82/83 MP: 9/9
  6226 | D:8      | Found a flagged portal.
  6243 | Bailey   | Entered a bailey
  6342 | Bailey   | Identified the +4 broad axe "Hitt" {elec, rElec rF+ Str-3
                  | Int+3}
  6365 | Bailey   | Noticed a two-headed ogre
  6438 | Bailey   | Killed a two-headed ogre
  6438 | Bailey   | Reached ** piety under Okawaru
  6755 | D:8      | Found a bloodstained altar of Trog.
  6876 | D:8      | Reached skill level 12 in Long Blades
  7369 | D:8      | Reached *** piety under Okawaru
  7801 | D:9      | Found a burning altar of Makhleb.
  8032 | D:9      | Found a staircase to the Orcish Mines.
  8204 | D:9      | Found a basalt altar of Yredelemnul.
  8206 | D:9      | Found a hide-covered altar of Uskayaw.
  8457 | D:9      | Reached XP level 11. HP: 73/95 MP: 10/10
  8534 | D:9      | Found a blossoming altar of Fedhas.
  8535 | D:9      | Found a shadowy altar of Dithmenos.
  8540 | D:9      | Found a shimmering altar of Xom.
  8541 | D:9      | Found a stormy altar of Qazlal.
  8542 | D:9      | Found a snail-covered altar of Cheibriados.
  8545 | D:9      | Found a glowing silver altar of Zin.
  8547 | D:9      | Found a white marble altar of Elyvilon.
  8550 | D:9      | Found a hazy altar of Hepliaklqana.
  8557 | D:9      | Found a broken altar of Ashenzari.
  8691 | D:10     | Entered Level 10 of the Dungeon
  8872 | D:10     | Noticed Erica
  8883 | D:10     | Killed Erica
  8883 | D:10     | Reached **** piety under Okawaru
  8884 | D:10     | Reached skill level 13 in Long Blades
  8884 | D:10     | Reached skill level 10 in Armour
  8997 | D:10     | Noticed a deep elf pyromancer
  9017 | D:10     | Killed a deep elf pyromancer
  9205 | D:10     | Found a staircase to the Lair.
  9557 | D:10     | Reached ***** piety under Okawaru
  9772 | D:11     | Received a gift from Okawaru
  9815 | D:11     | Noticed a sun demon
  9818 | D:11     | HP: 4/97 [sun demon[a kobold demonologist] (10)]
  9818 | D:11     | Slain by a kobold demonologist

Illustrated notes

Levels and vault maps discovered:
D:1:      minmay_arrival_plants_in_alcoves, layout_loops_ring,
          shapermc_ecumenical_altar_notcrosses, chequers_arboretum
D:2:      layout_basic, minmay_bisected
D:3:      layout_loops_ring, nicolae_overflow_crystal_walls,
          minmay_shallow_snake_nest
D:4:      layout_loops_cross, kennysheep_orc_chapel, uniq_pargi
D:5:      layout_loops_ring, kennysheep_cluttered_room
D:6:      layout_basic, grunt_gozag_statues
D:7:      layout_basic, okawaru_altar_gauntlet_db,
          minmay_temple_entry_gardened_gates, kennysheep_decorative_pillar,
          kennysheep_generic_room_9, uniq_crazy_yiuf_cottage, uniq_jeremiah,
          uniq_maggie
D:8:      layout_basic, trog_three_pillars_becter, enter_bailey_2,
          serial_library_hellmonk_u_bend, st_stairs_14
D:9:      layout_cave_pods, mainiacjoe_overflow_divided_tiny,
          nicolae_overflow_hallway_of_the_gods, overflow_temple_1_default,
          orc_0_dummy, hangedman_decor_push
D:10:     layout_roguey [special_room_bee], lair_entry_dummy, uniq_erica
D:11:     layout_rooms, nicolae_neqoxec_dot_bat
Temple:   nicolae_temple_bog_church

Skill      XL: |  1  2  3  4  5  6  7  8  9 10 11 |
---------------+----------------------------------+-----
Fighting       | 4 5 6 7 8 9 |  9.6
Shields        | 4 5 6 7 |  7.8
Long Blades    | 3 4 5 6 8 9 11 12 13 | 13.9
Armour         | 4 5 6 7 8 9 10 | 10.6
Dodging        | 1 2 |  2.6
Shapeshifting  | 2 3 4 |  4.7
Stealth        | 2 |  2.6
Evocations     | |  0.2

Action                     |  1- 3 |  4- 6 |  7- 9 | 10-12 || total
---------------------------+-------+-------+-------+-------++-------
  Melee: Long sword        |    65 |   126 |   286 |   283 ||   760
         Headbutt          |    10 |    16 |    45 |    94 ||   165
         Scimitar          |       |       |       |   153 ||   153
 Invoke: Heroism           |       |       |       |     1 ||     1
  Evoke: Wand              |       |       |     1 |     2 ||     3
    Use: Scroll            |     2 |     3 |     5 |     6 ||    16
         Potion            |     2 |       |       |     2 ||     4
   Stab: Paralysed         |       |       |     4 |     1 ||     5
 Armour: Scale mail        |    40 |       |       |       ||    40
         Chain mail        |     9 |     3 |       |       ||    12
         Plate armour      |       |   111 |   240 |   400 ||   751
  Dodge: Dodged            |    39 |    41 |    88 |   171 ||   339
  Block: Buckler           |    12 |    20 |    56 |   137 ||   225
   Form: Beast             |       |       |     1 |       ||     1
